 Dungeon Crawl Stone Soup version 0.18-a0-816-g97f838e (webtiles) character file.

86 cluie the Conjurer (level 4, 22/32 HPs)
             Began as a Demonspawn Conjurer on Dec 15, 2015.
             Quit the game on level 2 of the Dungeon.
             The game lasted 00:05:44 (2225 turns).

cluie the Conjurer (Demonspawn Conjurer)            Turns: 2225, Time: 00:05:44

Health: 22/32      AC:  8    Str:  8    XL:     4   Next: 27%
Magic:  1/7        EV: 12    Int: 17    God:
Gold:   98         SH:  0    Dex: 14    Spells: 2 memorised, 4 levels left

rFire  . . .     SeeInvis .     s - +0 quarterstaff
rCold  . . .     Clarity  .     d - +0 leather armour (curse)
rNeg   . . .     SustAt   .     (shield currently unavailable)
rPois  .         Gourm    .     t - +0 helmet
rElec  .         Spirit   .     (no cloak)
rCorr  .         Dismiss  .     (no gloves)
rMut   .         Stasis   .     (no boots)
MR     .....                    (no amulet)
Stlth  ++........               (no ring)
                                (no ring)

@: not resistant to hostile enchantments, unstealthy
A: iridescent scales 1, demonic guardian 1
a: no special abilities


You were on level 2 of the Dungeon.
You were not hungry.

You visited 1 branch of the dungeon, and saw 3 of its levels.

You collected 98 gold pieces.

Inventory:

Hand Weapons
 s - a +0 quarterstaff (weapon)
Armour
 d - a cursed +0 leather armour (worn)
 t - a +0 helmet (worn)
 v - a +0 cloak
Scrolls
 e - 3 scrolls of teleportation {unknown}
 f - 2 scrolls of random uselessness {unknown}
 h - a scroll of magic mapping {unknown}
 i - a scroll of noise {unknown}
 j - 2 scrolls of amnesia {unknown}
 k - 2 scrolls of identify {unknown}
 l - 2 scrolls of fog {unknown}
 m - 2 scrolls of recharging {unknown}
 r - 2 scrolls of remove curse {unknown}
Potions
 g - a potion of heal wounds
 n - a potion of invisibility {unknown}
 p - 2 potions of curing {unknown}
 q - a potion of poison {unknown}
Books
 b - a book of Conjurations

   Spells                             Type                      Level
   a - Magic Dart                     Conjuration                  1
   b - Searing Ray                    Conjuration                  2
   c - Dazzling Spray                 Conjuration/Hexes            3
   d - Fulminant Prism                Conjuration/Hexes            4
   e - Iskenderun's Mystic Blast      Conjuration                  4
   f - Iskenderun's Battlesphere      Conjuration/Charms           5
Comestibles
 a - 2 fruits
 c - 2 bread rations
 o - a meat ration


   Skills:
 + Level 1.6 Fighting
 + Level 2.4 Dodging
 - Level 1.7 Stealth
 + Level 2.4 Spellcasting
 * Level 4.8 Conjurations


You had 4 spell levels left.
You knew the following spells:

 Your Spells              Type           Power        Failure   Level  Hunger
a - Magic Dart            Conj           ###.         4%          1    #......
b - Searing Ray           Conj           ###...       8%          2    ##.....


Dungeon Overview and Level Annotations

Branches:
Dungeon (3/15)

Altars:

Annotations:
D:3 Sigmund


Innate Abilities, Weirdness & Mutations

You are partially covered in iridescent scales (AC +4).
A weak demonic guardian rushes to your aid.


Message History

Casting: Searing Ray
Confirm with . or Enter, or press ? or * to list all spells.
Aiming: Searing Ray
Press: ? - help, Shift-Dir - straight line, f/p - Ijyb
Aim: Ijyb, wielding a dagger, wearing a chain mail and carrying a wand of digging {empty} (almost dead)
The searing ray hits Ijyb.
Ijyb is almost dead.
Ijyb hits you but does no damage.
The searing ray misses Ijyb.
Ijyb barely misses you.
The searing ray hits Ijyb.
You kill Ijyb!
You have reached level 4!
You feel agile.
Your demonic ancestry asserts itself...
You feel the presence of a demonic guardian.
Items here: ) / [ † a dagger; a chain mail; a wand of digging {empty}; the goblin corpse of Ijyb
Enter note: fuck off crawl Are you sure you want to abandon this character and quit the game? (Confirm with "yes".)
Okay, then.
Are you sure you want to abandon this character and quit the game? (Confirm with "yes".)

#.##.###.[###.#######...###..
#.........##..# ###.####.
####..##.###.## #.>###.
#....##.###.# ##...#.
###.#.....##..#############...
#...#...####.##.....#.....##.#
##.##.#..##..#................
#.#..#.....#.^.............##
#.#.#......#@..............##
#.#.#..###............>......
#.......####................#
#.......>..........(.......#.
##......####.................
##...### ##................
#...# #####...............
##...####.....[.............
###.......#.....#####.......##


There were no monsters in sight!

Vanquished Creatures
  Ijyb (D:2)
  An adder (D:2)
  A worm (D:2)
  2 giant geckos
  2 orcs (D:3)
  3 ball pythons
  3 giant cockroaches (D:1)
  10 goblins
  5 hobgoblins
  2 kobolds (D:1)
  A quokka (D:3)
  8 bats
  3 giant newts (D:1)
  2 rats
44 creatures vanquished.

Notes
Turn   | Place    | Note
--------------------------------------------------------------
     0 | D:1      | cluie the Demonspawn Conjurer began the quest for the Orb.
     0 | D:1      | Reached XP level 1. HP: 13/13 MP: 3/3
   710 | D:1      | Gained mutation: You are partially covered in iridescent scales (AC +4). [demonic ancestry]
   710 | D:1      | Reached XP level 2. HP: 20/20 MP: 0/5
   847 | D:1      | Learned a level 2 spell: Searing Ray
  1145 | D:1      | Reached skill level 1 in Fighting
  1348 | D:1      | Reached XP level 3. HP: 26/26 MP: 6/6
  1448 | D:2      | Found a faded altar to an unknown god.
  2065 | D:3      | Noticed Sigmund
  2114 | D:3      | Noticed Ijyb
  2223 | D:2      | Killed Ijyb
  2223 | D:2      | Gained mutation: A weak demonic guardian rushes to your aid. [demonic ancestry]
  2223 | D:2      | Reached XP level 4. HP: 22/32 MP: 2/7
  2225 | D:2      | fuck off crawl
  2225 | D:2      | Quit the game

Vault maps used:
D:1:      dpeg_arrival_morbid_curiosity
D:2:      ecumenical_altar_2, eino_tiny_chamber
D:3:      first_bread, uniq_iyjb, uniq_sigmund

Action                   |  1- 3 |  4- 6 || total
-------------------------+-------+-------++-------
Melee: Unarmed           |   141 |       ||   141
       Quarterstaff      |    29 |       ||    29
 Cast: Magic Dart        |    30 |       ||    30
       Searing Ray       |     6 |       ||     6
  Use: Potion            |     1 |       ||     1
  Eat: Chunk             |     5 |       ||     5
